 Dungeon Crawl Stone Soup version 0.24-a0-479-g9a978d2894 (webtiles) character file.

Game seed: 1178939042532970055

90 Elric the Ruffian (level 4, -1/24 HPs)
             Began as a Vine Stalker Berserker on July 8, 2019.
             Was a Believer of Trog.
             Succumbed to a kobold's poison
             ... on level 3 of the Dungeon.
             The game lasted 00:02:53 (1830 turns).

Elric the Ruffian (Vine Stalker Berserker)          Turns: 1830, Time: 00:02:54

Health: -1/24      AC:  3    Str: 20    XL:     4   Next: 56%
Magic:  3/5        EV:  9    Int:  7    God:    Trog [**....]
Gold:   105        SH:  0    Dex: 14    Spells: 3/3 levels left

rFire    . . .     SeeInvis .     - Unarmed
rCold    . . .     Gourm    .   (no shield)
rNeg     . . .     Faith    .   a - +0 animal skin
rPois    .         Spirit   +   (no helmet)
rElec    .         Reflect  .   h - +0 cloak
rCorr    .         Harm     .   (no gloves)
MR       .....                  (no boots)
Stlth    +.........             (no amulet)
HPRegen  0.48/turn              (no ring)
MPRegen  0.09/turn              (no ring)

@: lethally poisoned (-1 -> -32), berserk cooldown, slowed, constricted, very
slow
A: fangs 2, regeneration 1, magic shield, antimagic bite, no potion heal 3, rot
immunity
a: Berserk, Trog's Hand, Renounce Religion


You were on level 3 of the Dungeon.
You worshipped Trog.
Trog was pleased with you.
You were near starving.

You visited 1 branch of the dungeon, and saw 3 of its levels.

You collected 105 gold pieces.

Inventory:

Armour
 a - a +0 animal skin (worn)
 h - a +0 cloak (worn)
 i - a +2 helmet
Scrolls
 g - 3 scrolls of identify {unknown}
 j - a scroll of remove curse {unknown}
 l - a scroll of random uselessness {unknown}
Potions
 b - a potion of flight {unknown}
 c - 2 potions of degeneration {unknown}
 d - a potion of ambrosia {unknown}
 e - a potion of haste {unknown}
 f - a potion of heal wounds {unknown}


   Skills:
 + Level 3.1 Fighting
 - Level 1.5 Armour
 - Level 1.5 Dodging
 * Level 4.9 Unarmed Combat


You had 3 spell levels left.
You didn't know any spells.
Your spell library was empty.

Dungeon Overview and Level Annotations

Branches:
Dungeon (3/15)

Altars:
Ashenzari
Okawaru
Trog
Wu Jian


Innate Abilities, Weirdness & Mutations

You have extremely sharp teeth.
Your natural rate of healing is unusually fast.
When hurt, damage is shared between your health and your magic reserves.
Your bite disrupts and absorbs the magic of your enemies.
Potions cannot restore your health.
You are immune to rotting.


Message History

* * * LOW HITPOINT WARNING * * *
The ball python constricts you.
The kobold throws a poisoned dart.
The poisoned dart hits you!
You are more poisoned.
The ball python bites you but does no damage.
The ball python constricts you.
Found a metallic puce potion.
Things that are here:
a poisoned dart; a +0 club You closely miss the ball python.
You bite the ball python. You drain its power.
You feel invigorated.
The ball python is moderately wounded.
* * * LOW HITPOINT WARNING * * *
You feel very sick.
The ball python bites you but does no damage.
The ball python constricts you.
You hit the ball python but do no damage.
Your bite misses the ball python.
The ball python is moderately wounded.
You die...

#.... #... #...
#.. #.. #.# #
#)####.#.#
##(@S.....!
#.###.......#..
#.......#......
#.###.#.#......
#######.#.#
..... .
........#.#
..... .. #
#######.#.#
#### ...#.
#....#.#
#...####.##.#.#


You could see a ball python.

Vanquished Creatures
  Natasha (D:3)
  2 adders (D:2)
  A worm (D:2)
  2 dart slugs (D:1)
  2 leopard geckos (D:2)
  3 giant cockroaches (D:1)
  6 goblins
  3 hobgoblins
  8 bats
  2 frilled lizards (D:2)
  4 kobolds
  7 rats
41 creatures vanquished.

Notes
Turn   | Place    | Note
-------+----------+-------------------------------------------
     0 | D:1      | Elric the Vine Stalker Berserker began the quest for the
                  | Orb.
     0 | D:1      | Reached XP level 1. HP: 11/11 MP: 2/2
   305 | D:1      | Reached XP level 2. HP: 9/16 MP: 1/3
   557 | D:1      | Reached ** piety under Trog
   590 | D:1      | Reached XP level 3. HP: 10/20 MP: 4/4
  1077 | D:2      | Reached skill level 4 in Unarmed Combat
  1234 | D:2      | Found an iron altar of Okawaru.
  1388 | D:2      | Noticed a moth of wrath
  1391 | D:2      | Found a bloodstained altar of Trog.
  1493 | D:2      | Gained mutation: Your natural rate of healing is unusually
                  | fast. [Vine Stalker growth]
  1493 | D:2      | Reached XP level 4. HP: 18/24 MP: 5/5
  1516 | D:2      | Found an ornate altar of the Wu Jian Council.
  1579 | D:2      | Found a shattered altar of Ashenzari.
  1797 | D:3      | Noticed Natasha
  1805 | D:3      | Killed Natasha
  1830 | D:3      | Succumbed to a kobold's poison

Levels and vault maps discovered:
D:1:      mrwooster_arrival_statue_2, layout_basic
D:2:      layout_basic, lemuel_coloured_pillars_altar, lemuel_doored_altar,
          nicolae_overflow_crystal_walls, tgw_trog
D:3:      layout_basic, uniq_sigmund, uniq_natasha

Skill      XL: |  1  2  3 |
---------------+----------+-----
Fighting       | 3 |  3.1
Unarmed Combat | 4 |  4.9
Armour         | |  1.5
Dodging        | |  1.5

Action                   |  1- 3 |  4- 6 || total
-------------------------+-------+-------++-------
Melee: Unarmed           |   102 |    16 ||   118
       Bite              |    24 |     3 ||    27
Invok: Berserk           |     6 |     1 ||     7
  Eat: Chunk             |     4 |       ||     4
       Ration            |     1 |       ||     1
Armor: Animal skin       |    28 |     4 ||    32
Dodge: Dodged            |    73 |     3 ||    76

Table legend:
 A = Non-vault XP
 B = Vault XP
 C = Vault XP percentage of total XP
 D = Non-vault monster count
 E = Vault monster count
 F = Vault count percentage of total count
                 A         B        C        D         E       F
            +---------+---------+-------+---------+---------+-------
      Total |      91 |      38 |  29.5 |      35 |       6 |  14.6
            +---------+---------+-------+---------+---------+-------
        D:1 |      41 |       0 |   0.0 |      22 |       0 |   0.0
        D:2 |      47 |       5 |   9.6 |      11 |       5 |  31.2
        D:3 |       3 |      33 |  91.7 |       2 |       1 |  33.3
            +---------+---------+-------+---------+---------+-------
